 Dungeon Crawl Stone Soup version 0.30-a0-414-gcb316572d5 (webtiles) character file.

Game seed: 12980131597712853285

50 0gre the Shield-Bearer (level 3, -4/35 HPs)
             Began as a Gnoll Fighter on Dec 8, 2022.
             Slain by Ijyb
             ... wielding a +2 dagger of electrocution
              (7 damage)
             ... on level 3 of the Dungeon.
             The game lasted 00:04:56 (1345 turns).

0gre the Shield-Bearer (Gnoll Fighter)              Turns: 1345, Time: 00:04:57

Health: -4/35      AC:  7    Str: 17    XL:     3   Next: 79%
Magic:  4/4        EV:  6    Int:  7    God:
Gold:   104        SH:  5    Dex: 11    Spells: 4/4 levels left

rFire   . . .      SeeInvis .    a - +0 long sword
rCold   . . .      Faith    .    c - +0 buckler
rNeg    . . .      Spirit   .    e - +0 scale mail
rPois   +          Reflect  .    (no helmet)
rElec   .          Harm     .    (no cloak)
rCorr   .          Rampage  .    (no gloves)
Will    .....                    (no boots)
Stlth   ..........               (no amulet)
HPRegen 0.25/turn                m - ring of poison resistance
MPRegen 0.09/turn                (no ring)

@: grasped by roots, constricted
A: fangs 1, strong nose, distributed training
a: no special abilities


You were on level 3 of the Dungeon.
You visited 1 branch of the dungeon, and saw 3 of its levels.

You collected 104 gold pieces.

Inventory:

Hand Weapons
 a - a +0 long sword (weapon)
 b - a +0 sling
Armour
 c - a +0 buckler (worn)
 e - a +0 scale mail (worn)
Jewellery
 m - a ring of poison resistance (left hand)
Scrolls
 f - a scroll of acquirement {unknown}
 g - a scroll of poison {unknown}
 j - a scroll of magic mapping {unknown}
 l - 2 scrolls of identify {unknown}
 n - a scroll of immolation {unknown}
 o - a scroll of silence {unknown}
Potions
 d - 2 potions of might
 h - 2 potions of heal wounds {unknown}
 i - 2 potions of brilliance {unknown}
 k - a potion of haste {unknown}


   Skills:
 + Level 6.5 Fighting
 + Level 1.0 Short Blades
 + Level 4.6 Long Blades
 + Level 1.0 Axes
 + Level 1.0 Maces & Flails
 + Level 1.0 Polearms
 + Level 1.0 Staves
 + Level 1.0 Ranged Weapons
 + Level 1.0 Throwing
 + Level 6.5 Armour
 + Level 1.0 Dodging
 + Level 1.0 Stealth
 + Level 6.5 Shields
 + Level 1.0 Unarmed Combat
 + Level 1.0 Spellcasting
 + Level 0.7 Conjurations
 + Level 0.7 Hexes
 + Level 0.7 Summonings
 + Level 0.7 Necromancy
 + Level 0.7 Translocations
 + Level 0.7 Transmutations
 + Level 0.7 Fire Magic
 + Level 0.7 Ice Magic
 + Level 0.7 Air Magic
 + Level 0.7 Earth Magic
 + Level 0.7 Poison Magic
 + Level 1.0 Invocations
 + Level 1.0 Evocations


You had 4 spell levels left.
You didn't know any spells.
Your spell library contained the following spells:

 Spells                   Type           Power      Damage    Failure   Level
 Hailstorm                Conj/Ice       1%         3d3       98%         3
 Ice Form                 Ice/Tmut       1%         N/A       100%        4
 Alistair's Intoxication  Tmut/Pois      0%         N/A       100%        5
 Borgnjor's Vile Clutch   Necr/Erth      0%         N/A       100%        5
 Eringya's Noxious Bog    Tmut/Pois      0%         N/A       100%        6
 Simulacrum               Ice/Necr       0%         N/A       100%        6


Dungeon Overview and Level Annotations

Branches:
Dungeon (3/15)

Altars:

Annotations:
D:3 Ijyb


Innate Abilities, Weirdness & Mutations

You have very sharp teeth.
Your uncanny sense of smell can sniff out nearby items.
Your experience applies equally to all skills.


Message History

b - a +0 sling (weapon)
Ijyb the Twisted Goblin comes into view.
She is wielding a +2 dagger of electrocution and carrying a wand of roots (6).
Ijyb shouts!
Fire: b) +0 sling
Press: ? - help, Q - select action Shift-Dir - straight line, f - Ijyb
Aim: Ijyb, wielding a +2 dagger of electrocution, wearing a +0 leather armour and carrying a wand of roots (6) (47% to hit)
You shoot a sling bullet. The sling bullet closely misses Ijyb.
Ijyb zaps a wand.
The roots erupt in riotous growth!
The grasping roots grab you! The grasping roots constrict you.
a - a +0 long sword (weapon)
You escape the roots grasp.
Ijyb zaps a wand.
The roots erupt in riotous growth!
The grasping roots grab you! The grasping roots constrict you!
You see here 16 gold pieces.
The roots grasp on you weakens, but your attempt to escape fails.
The grasping roots constrict you.
You escape the roots grasp.
A bat comes into view.
Ijyb zaps a wand.
The roots erupt in riotous growth!
The grasping roots grab you! The grasping roots constrict you.
The bat moves out of view.
You escape the roots grasp.
Ijyb hits you with a +2 dagger of electrocution.
You hit Ijyb but do no damage.
Ijyb zaps a wand.
The roots erupt in riotous growth!
The grasping roots grab you!
Ijyb is unaffected.
The grasping roots constrict you.
* * * LOW HITPOINT WARNING * * *
You hit Ijyb. You bite Ijyb, but do no damage.
Ijyb is lightly wounded.
The bat hits you but does no damage.
Ijyb screams, "No!
No, no, no, no!"
Ijyb hits you with a +2 dagger of electrocution.
* * * LOW HITPOINT WARNING * * *
The grasping roots constrict you.
* * * LOW HITPOINT WARNING * * *
Ijyb hits you with a +2 dagger of electrocution!
You die...

..... .... ...#########
........... ######
.......... .....#
......... ..<..#
#g....... .....#
#@.b..... .....#
#........ .....#########
#$.......
.............###........
.........)..............
........................
###...............######
#...............#
#...............#


You could see Ijyb and a bat.

Vanquished Creatures
  An adder (D:3)
  A worm (D:2)
  3 dart slugs
  4 bats
  3 endoplasms
  A giant cockroach (D:1)
  2 goblins
  A hobgoblin (D:2)
  3 kobolds
  2 quokkas
  6 ball pythons
  4 rats
31 creatures vanquished.

Notes
Turn   | Place    | Note
-------+----------+-------------------------------------------
     0 | D:1      | 0gre the Gnoll Fighter began the quest for the Orb.
     0 | D:1      | Reached XP level 1. HP: 23/23 MP: 1/1
   135 | D:1      | Reached XP level 2. HP: 29/29 MP: 2/2
   702 | D:2      | Reached XP level 3. HP: 35/35 MP: 3/3
   950 | D:2      | Reached skill level 1 in Invocations
  1311 | D:3      | Reached skill level 1 in Short Blades
  1311 | D:3      | Reached skill level 1 in Axes
  1311 | D:3      | Reached skill level 1 in Maces & Flails
  1311 | D:3      | Reached skill level 1 in Polearms
  1311 | D:3      | Reached skill level 1 in Staves
  1311 | D:3      | Reached skill level 1 in Ranged Weapons
  1311 | D:3      | Reached skill level 1 in Throwing
  1311 | D:3      | Reached skill level 1 in Dodging
  1311 | D:3      | Reached skill level 1 in Stealth
  1311 | D:3      | Reached skill level 1 in Unarmed Combat
  1311 | D:3      | Reached skill level 1 in Spellcasting
  1311 | D:3      | Reached skill level 1 in Evocations
  1337 | D:3      | Noticed Ijyb
  1345 | D:3      | Slain by Ijyb

Illustrated notes

Levels and vault maps discovered:
D:1:      dpeg_arrival_pond, layout_basic
D:2:      layout_loops_ring
D:3:      layout_basic, grunt_temple_overflow_lords_of_destruction,
          serial_shops, nicolae_shop_hallway_plus, uniq_ijyb, uniq_robin

Skill      XL: |  1  2  3 |
---------------+----------+-----
Invocations    | 1 |  1.0
Short Blades   | 1 |  1.0
Axes           | 1 |  1.0
Maces & Flails | 1 |  1.0
Polearms       | 1 |  1.0
Staves         | 1 |  1.0
Ranged Weapons | 1 |  1.0
Throwing       | 1 |  1.0
Dodging        | 1 |  1.0
Stealth        | 1 |  1.0
Unarmed Combat | 1 |  1.0
Spellcasting   | 1 |  1.0
Evocations     | 1 |  1.0
Fighting       | |  6.5
Long Blades    | |  4.6
Armour         | |  6.5
Shields        | |  6.5
Conjurations   | |  0.7
Hexes          | |  0.7
Summonings     | |  0.7
Necromancy     | |  0.7
Translocations | |  0.7
Transmutations | |  0.7
Fire Magic     | |  0.7
Ice Magic      | |  0.7
Air Magic      | |  0.7
Earth Magic    | |  0.7
Poison Magic   | |  0.7

Action                   || total
-------------------------++-------
Melee: Long sword        ||    48
       Bite              ||     7
 Fire: Sling             ||    44
Armor: Scale mail        ||    14
Dodge: Dodged            ||    22
Block: Buckler           ||    15

Table legend: (Time is in decaauts)
 A = Elapsed time spent in this place.
 B = Non-inter-level travel time spent in this place.
 C = Inter-level travel time spent in this place.
 D = Time resting spent in this place.
 E = Time spent auto-exploring this place.
 F = Levels seen in this place.
 G = Mean time per level.
                   A        B        C        D        E       F      G
               +--------+--------+--------+--------+--------+-----+--------+
         Total |   1361 |   1316 |     45 |      0 |   1042 |   3 |  453.7 |
       Dungeon |   1361 |   1316 |     45 |      0 |   1042 |   3 |  453.7 |
               +--------+--------+--------+--------+--------+-----+--------+

Top non-repeatable levels by time:
     D:1: 693 daAuts
     D:2: 621 daAuts
     D:3: 46 daAuts
